cohdb
Replays
Latest Replays
All Replays
Popular Replays
Top Player Replays
Match Explorer
How It Works
Community
CoH3 Stats
Reddit
Sign in to upload your games and track your stats! →
Sign in with Steam
Match 43763959
Unlisted
Match 43763959
Overview
Messages
Build Orders
End
Kettenkrad Recon Vehicle
Selects Mechanized Battlegroup
Construct Infanterie Kompanie
MG 42 Machine Gun Team
MG 42 Machine Gun Team
Grenadier Squad
Grenadier Squad
Infanterie Officer Quarters
GrW 34 Mortar Team
Selects Mobile Repair Stations
Construct Panzergrenadier Kompanie
251 Medium Carrier
Pioneer Squad
Selects Raid Package
251 Medium Carrier
Selects StuG Assault Group
runningDuck
Zerg6412
simranjitsingh713
Sweetak
WilixX
Cr6como-
0
0
Comments
sign in to comment!
No comments posted yet!